Construct Infanterie Kompanie
Selects Luftwaffe Battlegroup
Selects Luftwaffe Pioneer Support
Construct Infanterie Kompanie
Fallschirmpioneer Squad Paradrop
Construct Panzergrenadier Kompanie
Pak 40 Anti-tank Gun Team
Pak 40 Anti-tank Gun Team
Construct Panzer Kompanie
Selects LG40 Recoilless Gun Paradrop
Selects Infantry Reserves
Selects Stuka Strafing Run
Selects Fallschirmjäger Squad Paradrop
Pak 40 Anti-tank Gun Team
Pak 40 Anti-tank Gun Team
Panzergrenadier Officer Quarters
Fallschirmjäger Squad Paradrop
Construct Panzer Kompanie